 Dungeon Crawl Stone Soup version 0.18-a0-1542-g9c1a92e (webtiles) character file.

158 DecibelRebel the Chopper (level 5, -1/45 HPs)
             Began as a Hill Orc Fighter on Mar 10, 2016.
             Slain by Zigma's ghost (9 damage)
             ... on level 3 of the Dungeon.
             The game lasted 00:04:51 (1889 turns).

DecibelRebel the Chopper (Hill Orc Fighter)         Turns: 1889, Time: 00:04:55

Health: -1/45      AC: 12    Str: 20    XL:     5   Next: 40%
Magic:  5/5        EV:  7    Int:  8    God:
Gold:   95         SH:  0    Dex: 10    Spells: 0 memorised, 4 levels left

rFire  . . .     SeeInvis .     a - +0 war axe
rCold  . . .     Gourm    .     h - +0 chain mail
rNeg   . . .     Faith    .     (no shield)
rPois  .         Spirit   .     s - +2 helmet
rElec  .         Dismiss  .     (no cloak)
rCorr  .         Reflect  .     (no gloves)
SustAt .         Harm     .     (no boots)
MR     .....                    (no amulet)
Stlth  ..........               (no ring)
                                (no ring)

@: not resistant to hostile enchantments, extremely unstealthy
A: no striking features
a: Convert to Beogh


You were on level 3 of the Dungeon.
You were hungry.

You visited 1 branch of the dungeon, and saw 3 of its levels.

You collected 95 gold pieces.

Inventory:

Hand Weapons
 a - a +0 war axe (weapon)
Armour
 h - a +0 chain mail (worn)
 s - a +2 helmet (worn)
Jewellery
 r - a +2 ring of evasion {unknown}
Scrolls
 b - a scroll of teleportation {unknown}
 c - a scroll of remove curse {unknown}
 e - a scroll of enchant armour {unknown}
 k - 3 scrolls of identify {unknown}
 l - a scroll of fear {unknown}
 m - 2 scrolls of amnesia {unknown}
 p - a scroll of magic mapping {unknown}
Potions
 d - a potion of might
 g - a potion of curing {unknown}
 i - a potion of haste {unknown}
 j - a potion of brilliance {unknown}
 n - a potion of magic {unknown}
Comestibles
 f - 4 bread rations
 o - a meat ration
 q - 6 chunks of flesh


   Skills:
 - Level 3.6 Fighting
 * Level 7.2 Axes
 - Level 3.2 Armour
   Level 3.2 Shields


You had 4 spell levels left.
You didn't know any spells.

Dungeon Overview and Level Annotations

Branches:
Dungeon (3/15)

Altars:

Annotations:
D:3 Zigma's ghost, amateur DrMo


Message History

You barely miss the orc priest.
The orc priest shouts, "Beogh is our master!
Accept the truth or die!"
The orc barely misses you. Zigma's ghost hits you.
* * * LOW HITPOINT WARNING * * *
The orc priest hits you but does no damage.
Drink which item? (? for menu, Esc to quit)
Okay, then.
You hit the orc priest.
The orc priest is moderately wounded.
You hit the orc but do no damage.
The orc is heavily wounded.
You barely miss Zigma's ghost.
Zigma's ghost is moderately damaged.
The orc priest shouts, "Join the one true god or die!"
Zigma's ghost hits you but does no damage.
The orc hits you with a hand axe.
* * * LOW HITPOINT WARNING * * *
The orc priest miscasts a cantrip.
Zigma's ghost hits you!
You die...

####### #@†...#
....[.ooW....#
...>..........#
..............#
..............#
..............#
..............#
>.............#


You could see an orc priest, Zigma's ghost and an orc.

Vanquished Creatures
  An orc wizard (D:2)
  7 adders
  3 worms (D:2)
  A dart slug (D:2)
  2 giant geckos
  6 orcs
  A giant cockroach (D:2)
  4 goblins
  6 hobgoblins
  4 jackals (D:2)
  A quokka (D:2)
  6 bats
  7 kobolds
  5 rats
54 creatures vanquished.

Notes
Turn   | Place    | Note
--------------------------------------------------------------
     0 | D:1      | DecibelRebel the Hill Orc Fighter began the quest for the Orb.
     0 | D:1      | Reached XP level 1. HP: 19/19 MP: 1/1
    57 | D:1      | Reached skill level 3 in Axes
   252 | D:1      | Reached XP level 2. HP: 26/26 MP: 2/2
   442 | D:2      | Reached skill level 4 in Axes
   928 | D:2      | Reached XP level 3. HP: 28/31 MP: 3/3
   983 | D:2      | Reached skill level 5 in Axes
  1219 | D:2      | Reached XP level 4. HP: 33/39 MP: 4/4
  1301 | D:2      | Reached skill level 6 in Axes
  1522 | D:3      | Noticed Zigma's ghost (amateur DrMo)
  1545 | D:2      | Reached XP level 5. HP: 21/45 MP: 5/5
  1739 | D:2      | Reached skill level 7 in Axes
  1889 | D:3      | Slain by Zigma's ghost

Vault maps used:
D:1:      lightli_arrival_lavapool, minmay_misc_feat_hallway
D:3:      grunt_ministairs_14, minmay_close_crescents, uniq_robin, uniq_sigmund

Skill      XL: |  1  2  3  4  5 |
---------------+----------------+-----
Axes           | 3 4 5 6 7 |  7.2
Fighting       | |  3.6
Armour         | |  3.2
Shields        | |  3.2

Action                   |  1- 3 |  4- 6 || total
-------------------------+-------+-------++-------
Melee: War axe           |   105 |   102 ||   207
  Use: Potion            |     1 |       ||     1
  Eat: Chunk             |     1 |     2 ||     3
